Workbook

Sheet FACTURE
B2: entreprise | E2: FACTURE
B3: adresse
B4: adresse
B5: tél
B7: DESTINATAIRE | D7: No de facture: | E7: #FAC0001
B8: <Nom> | D8: Date:
B9: <Nom de la societe>
B10: <Adresse postale>
B11: <Téléphone, Email>
B13: DESCRIPTION | C13: QTÉ | D13: PRIX UNITAIRE | E13: TOTAL
B14: Chocolatine | C14: =SUMIF(RECAP!B:C,B14,RECAP!E:E) -> 11 | D14: =VLOOKUP(Tableau6[[#This Row],[DESCRIPTION]],PRODUITS!A:B,2,FALSE) -> 1 | E14: =C14*D14 -> 11
B15: Croissants | C15: =SUMIF(RECAP!B:C,B15,RECAP!E:E) -> 15 | D15: =VLOOKUP(Tableau6[[#This Row],[DESCRIPTION]],PRODUITS!A:B,2,FALSE) -> 1 | E15: =C15*D15 -> 15
C16: =SUMIF(RECAP!B:C,B16,RECAP!E:E) -> 0 | D16: =VLOOKUP(Tableau6[[#This Row],[DESCRIPTION]],PRODUITS!A:B,2,FALSE) -> #N/A | E16: =C16*D16 -> #N/A
C17: =SUMIF(RECAP!B:C,B17,RECAP!E:E) -> 0 | D17: =VLOOKUP(Tableau6[[#This Row],[DESCRIPTION]],PRODUITS!A:B,2,FALSE) -> #N/A | E17: =C17*D17 -> #N/A
C18: =SUMIF(RECAP!B:C,B18,RECAP!E:E) -> 0 | D18: =VLOOKUP(Tableau6[[#This Row],[DESCRIPTION]],PRODUITS!A:B,2,FALSE) -> #N/A | E18: =C18*D18 -> #N/A
C19: =SUMIF(RECAP!B:C,B19,RECAP!E:E) -> 0 | D19: =VLOOKUP(Tableau6[[#This Row],[DESCRIPTION]],PRODUITS!A:B,2,FALSE) -> #N/A | E19: =C19*D19 -> #N/A
C20: =SUMIF(RECAP!B:C,B20,RECAP!E:E) -> 0 | D20: =VLOOKUP(Tableau6[[#This Row],[DESCRIPTION]],PRODUITS!A:B,2,FALSE) -> #N/A | E20: =C20*D20 -> #N/A
C21: =SUMIF(RECAP!B:C,B21,RECAP!E:E) -> 0 | D21: =VLOOKUP(Tableau6[[#This Row],[DESCRIPTION]],PRODUITS!A:B,2,FALSE) -> #N/A | E21: =C21*D21 -> #N/A
C22: =SUMIF(RECAP!B:C,B22,RECAP!E:E) -> 0 | D22: =VLOOKUP(Tableau6[[#This Row],[DESCRIPTION]],PRODUITS!A:B,2,FALSE) -> #N/A | E22: =C22*D22 -> #N/A
C23: =SUMIF(RECAP!B:C,B23,RECAP!E:E) -> 0 | D23: =VLOOKUP(Tableau6[[#This Row],[DESCRIPTION]],PRODUITS!A:B,2,FALSE) -> #N/A | E23: =C23*D23 -> #N/A
C24: =SUMIF(RECAP!B:C,B24,RECAP!E:E) -> 0 | D24: =VLOOKUP(Tableau6[[#This Row],[DESCRIPTION]],PRODUITS!A:B,2,FALSE) -> #N/A | E24: =C24*D24 -> #N/A
C25: =SUMIF(RECAP!B:C,B25,RECAP!E:E) -> 0 | D25: =VLOOKUP(Tableau6[[#This Row],[DESCRIPTION]],PRODUITS!A:B,2,FALSE) -> #N/A | E25: =C25*D25 -> #N/A
C26: =SUMIF(RECAP!B:C,B26,RECAP!E:E) -> 0 | D26: =VLOOKUP(Tableau6[[#This Row],[DESCRIPTION]],PRODUITS!A:B,2,FALSE) -> #N/A | E26: =C26*D26 -> #N/A
C27: =SUMIF(RECAP!B:C,B27,RECAP!E:E) -> 0 | D27: =VLOOKUP(Tableau6[[#This Row],[DESCRIPTION]],PRODUITS!A:B,2,FALSE) -> #N/A | E27: =C27*D27 -> #N/A
... C31: =SUMIF(RECAP!B:C,B31,RECAP!E:E) -> 0 | D31: =VLOOKUP(Tableau6[[#This Row],[DESCRIPTION]],PRODUITS!A:B,2,FALSE) -> #N/A | E31: =C31*D31 -> #N/A
D33: SOUS-TOTAL | E33: =SUM(E14:E31) -> #N/A
D34: REMISE | E34: 0
D35: SOUS-TOTAL MOINS LES REMISES | E35: =E33-E34 -> #N/A
D36: TAUX D'IMPOSITION | E36: 0
D37: TAXE TOTAL | E37: =E35*E36 -> #N/A
D38: EXPEDITIO, MANUTENTION | E38: 0
D39: SOLDE DÛ | E39: =E35+E37+E38 -> #N/A

Sheet RECAP
A1: DATE | B1: PRODUITS | C1: QUANTITES | D1: PRIX | E1: TOTAL/PDTS | I1: PAINS | J1: TOTAL/PDTS | K1: VIENNOISERIES | L1: TOTAL/PDTS | M1: GATEAUX | N1: TOTAL/PDTS
A2: 44228 | B2: Croissants | C2: 15 | D2: =IF(Tableau2[[PRODUITS ]]="","",VLOOKUP(Tableau2[[#This Row],[PRODUITS ]],Tableau1[#All],2,FALSE)) -> 1 | E2: =IF(Tableau2[[PRODUITS ]]="","",Tableau2[[#This Row],[QUANTITES ]]*Tableau2[[#This Row],[PRIX]]) -> 15 | I2: Ficelle | J2: =SUMIF(Tableau2[[PRODUITS ]],PRODUITS!A2,Tableau2[TOTAL/PDTS]) -> 0 | K2: Chocolatine | L2: =SUMIF(Tableau2[[PRODUITS ]],PRODUITS!A15,Tableau2[TOTAL/PDTS]) -> 11 | M2: Gateau abricot ou poire | N2: =SUMIF(Tableau2[[PRODUITS ]],PRODUITS!A22,Tableau2[TOTAL/PDTS]) -> 0
A3: 44198 | B3: Chocolatine | C3: 11 | D3: =IF(Tableau2[[PRODUITS ]]="","",VLOOKUP(Tableau2[[#This Row],[PRODUITS ]],Tableau1[#All],2,FALSE)) -> 1 | E3: =IF(Tableau2[[PRODUITS ]]="","",Tableau2[[#This Row],[QUANTITES ]]*Tableau2[[#This Row],[PRIX]]) -> 11 | I3: Baguette blanche | J3: =SUMIF(Tableau2[[PRODUITS ]],PRODUITS!A3,Tableau2[TOTAL/PDTS]) -> 0 | K3: Croissants | L3: =SUMIF(Tableau2[[PRODUITS ]],PRODUITS!A16,Tableau2[TOTAL/PDTS]) -> 15 | M3: Eclair | N3: =SUMIF(Tableau2[[PRODUITS ]],PRODUITS!A23,Tableau2[TOTAL/PDTS]) -> 0
I4: Flute blanche | J4: =SUMIF(Tableau2[[PRODUITS ]],PRODUITS!A4,Tableau2[TOTAL/PDTS]) -> 0 | K4: Pains raisins | L4: =SUMIF(Tableau2[[PRODUITS ]],PRODUITS!A17,Tableau2[TOTAL/PDTS]) -> 0 | M4: Tarte citron | N4: =SUMIF(Tableau2[[PRODUITS ]],PRODUITS!A24,Tableau2[TOTAL/PDTS]) -> 0
I5: XL blanc | J5: =SUMIF(Tableau2[[PRODUITS ]],PRODUITS!A5,Tableau2[TOTAL/PDTS]) -> 0 | K5: Brioche individuelle | L5: =SUMIF(Tableau2[[PRODUITS ]],PRODUITS!A18,Tableau2[TOTAL/PDTS]) -> 0 | M5: Tarte citron meringue | N5: =SUMIF(Tableau2[[PRODUITS ]],PRODUITS!A25,Tableau2[TOTAL/PDTS]) -> 0
I6: Pain tradition | J6: =SUMIF(Tableau2[[PRODUITS ]],PRODUITS!A6,Tableau2[TOTAL/PDTS]) -> 0 | K6: Brioche 500gr | L6: =SUMIF(Tableau2[[PRODUITS ]],PRODUITS!A19,Tableau2[TOTAL/PDTS]) -> 0 | M6: Paris-Brest | N6: =SUMIF(Tableau2[[PRODUITS ]],PRODUITS!A26,Tableau2[TOTAL/PDTS]) -> 0
I7: Baguette tradition | J7: =SUMIF(Tableau2[[PRODUITS ]],PRODUITS!A7,Tableau2[TOTAL/PDTS]) -> 0 | K7: Brioche 1kg | L7: =SUMIF(Tableau2[[PRODUITS ]],PRODUITS!A20,Tableau2[TOTAL/PDTS]) -> 0 | M7: Mille feuille | N7: =SUMIF(Tableau2[[PRODUITS ]],PRODUITS!A27,Tableau2[TOTAL/PDTS]) -> 0
I8: Céréales | J8: =SUMIF(Tableau2[[PRODUITS ]],PRODUITS!A8,Tableau2[TOTAL/PDTS]) -> 0 | K8: Chouquettes | L8: =SUMIF(Tableau2[[PRODUITS ]],PRODUITS!A21,Tableau2[TOTAL/PDTS]) -> 0 | M8: Tarte pomme | N8: =SUMIF(Tableau2[[PRODUITS ]],PRODUITS!A28,Tableau2[TOTAL/PDTS]) -> 0
I9: Seigle | J9: =SUMIF(Tableau2[[PRODUITS ]],PRODUITS!A9,Tableau2[TOTAL/PDTS]) -> 0 | L9: =SUMIF(Tableau2[[PRODUITS ]],PRODUITS!A22,Tableau2[TOTAL/PDTS]) -> 0 | M9: Flan nature | N9: =SUMIF(Tableau2[[PRODUITS ]],PRODUITS!A29,Tableau2[TOTAL/PDTS]) -> 0
I10: Noix | J10: =SUMIF(Tableau2[[PRODUITS ]],PRODUITS!A10,Tableau2[TOTAL/PDTS]) -> 0 | M10: Flan abricot | N10: =SUMIF(Tableau2[[PRODUITS ]],PRODUITS!A30,Tableau2[TOTAL/PDTS]) -> 0
I11: Intégral | J11: =SUMIF(Tableau2[[PRODUITS ]],PRODUITS!A11,Tableau2[TOTAL/PDTS]) -> 0 | M11: Tarte aux fruits | N11: =SUMIF(Tableau2[[PRODUITS ]],PRODUITS!A31,Tableau2[TOTAL/PDTS]) -> 0
I12: Vin & saucisson | J12: =SUMIF(Tableau2[[PRODUITS ]],PRODUITS!A12,Tableau2[TOTAL/PDTS]) -> 0 | M12: Tarte fraises | N12: =SUMIF(Tableau2[[PRODUITS ]],PRODUITS!A32,Tableau2[TOTAL/PDTS]) -> 0
I13: Pizza plaque | J13: =SUMIF(Tableau2[[PRODUITS ]],PRODUITS!A13,Tableau2[TOTAL/PDTS]) -> 0 | M13: St Honoré | N13: =SUMIF(Tableau2[[PRODUITS ]],PRODUITS!A33,Tableau2[TOTAL/PDTS]) -> 0
I14: Quiche Plaque | J14: =SUMIF(Tableau2[[PRODUITS ]],PRODUITS!A14,Tableau2[TOTAL/PDTS]) -> 0 | M14: Mousse chocolat | N14: =SUMIF(Tableau2[[PRODUITS ]],PRODUITS!A34,Tableau2[TOTAL/PDTS]) -> 0
M15: Galette frangipane 12pers | N15: =SUMIF(Tableau2[[PRODUITS ]],PRODUITS!A35,Tableau2[TOTAL/PDTS]) -> 0

Sheet PRODUITS
A1: Produits | B1: Prix
A2: Ficelle | B2: 1
A3: Baguette blanche | B3: 1
A4: Flute blanche | B4: 1
A5: XL blanc | B5: 1
A6: Pain tradition | B6: 1
A7: Baguette tradition | B7: 1
A8: Céréales | B8: 1
A9: Seigle | B9: 1
A10: Noix | B10: 1
A11: Intégral | B11: 1
A12: Vin & saucisson | B12: 1
A13: Pizza plaque | B13: 1
... A35: Galette frangipane 12pers | B35: 1
